 Dungeon Crawl Stone Soup version 0.20.1-1-g8b1a95d (webtiles) character file.

90 vatarom the Sneak (level 4, 0/23 HPs)
             Began as a Vine Stalker Assassin on Sept 15, 2017.
             Slain by an orc wizard
             ... wielding a +0 dagger
              (2 damage)
             ... on level 4 of the Dungeon.
             The game lasted 00:02:36 (915 turns).

vatarom the Sneak (Vine Stalker Assassin)            Turns: 915, Time: 00:02:36

Health: 0/23       AC:  4    Str: 18    XL:     4   Next: 56%
Magic:  0/5        EV: 12    Int: 11    God:
Gold:   37         SH:  0    Dex: 17    Spells: 3/3 levels left

rFire    . . .     SeeInvis .   a - +3 dagger
rCold    . . .     Gourm    .   (no shield)
rNeg     . . .     Faith    .   c - +0 robe
rPois    .         Spirit   +   o - +0 helmet
rElec    .         Reflect  .   d - +0 cloak
rCorr    .         Harm     .   (no gloves)
MR       .....                  (no boots)
Stlth    +++.......             (no amulet)
Regen    0.5/turn               (no ring)
MPRegen  0.1/turn               (no ring)

@: mighty
A: fangs 2, regeneration 1, magic shield, antimagic bite, no potion heal 3, rot
immunity
a: no special abilities


You were on level 4 of the Dungeon.
You were not hungry.

You visited 1 branch of the dungeon, and saw 3 of its levels.

You collected 37 gold pieces.

Inventory:

Hand Weapons
 a - a +3 dagger (weapon)
 b - a +0 blowgun
Missiles
 e - 13 poisoned needles
 f - 2 curare-tipped needles
Armour
 c - a +0 robe (worn)
 d - a +0 cloak (worn)
 o - a +0 helmet (worn)
Scrolls
 k - a scroll of enchant weapon
 l - a scroll of magic mapping
 m - a scroll of recharging
 p - 2 scrolls of identify
Potions
 i - a potion of magic {unknown}
 j - a potion of agility {unknown}
 n - a potion of heal wounds {unknown}
Comestibles
 g - a bread ration
 r - a fruit


   Skills:
 + Level 2.9 Fighting
 + Level 2.8 Short Blades
 - Level 1.7 Throwing
 + Level 1.9 Dodging
 - Level 4.8 Stealth


You had 3 spell levels left.
You didn't know any spells.

Dungeon Overview and Level Annotations

Branches:
Dungeon (2/15)

Altars:


Innate Abilities, Weirdness & Mutations

You have extremely sharp teeth.
Your natural rate of healing is unusually fast.
When hurt, damage is shared between your health and your magic reserves.
Your bite disrupts and absorbs the magic of your enemies.
Potions cannot restore your health.
You are immune to rotting.


Message History

The orc is moderately wounded.
The orc hits you with a hand axe.
You hit the orc but do no damage.
The orc is moderately wounded.
Something hits you but does no damage. The orc hits you with a hand axe.
* * * LOW HITPOINT WARNING * * *
You miss something. You bite something. You drain its magic.
You feel invigorated. Something hits you.
* * * LOW HITPOINT WARNING * * *
You hit something. Something barely misses you.
You hit something. You bite something. You drain its magic.
You feel invigorated.
You hit something. You bite something. Something hits you.
* * * LOW HITPOINT WARNING * * *
You miss something. You bite something. Something hits you.
* * * LOW HITPOINT WARNING * * *
It was a potion of might.
You feel very mighty all of a sudden. Something hits you.
You die...

######
###############.o...
#......(........#####o#
#.........##.).....(.(#
#..######.##.########.#
#..######.##.#
..........o...#
###..######{#### ...#
#@# ##### #..# #.#. #.
.# #. .# #. .# #. .# #.
.#


You could see an orc.

Vanquished Creatures
  An orc wizard (D:4)
  Jessica (D:2)
  2 worms (D:2)
  2 bats (D:1)
  3 giant cockroaches
  6 goblins
  3 hobgoblins
  2 jackals (D:1)
  3 kobolds (D:1)
  2 frilled lizards (D:1)
  5 rats
30 creatures vanquished.

Notes
Turn   | Place    | Note
-------+----------+-------------------------------------------
     0 | D:1      | vatarom the Vine Stalker Assassin began the quest for the Orb.
     0 | D:1      | Reached XP level 1. HP: 11/11 MP: 2/2
     2 | D:1      | Noticed a troll
     2 | D:1      | Noticed a halfling
     4 | D:1      | Noticed a draconian
     4 | D:1      | Noticed a demigod
     6 | D:1      | Noticed a merfolk
     6 | D:1      | Noticed a naga
     8 | D:1      | Noticed an elf
    10 | D:1      | Noticed a dwarf
    10 | D:1      | Noticed a gargoyle
    12 | D:1      | Noticed a formicid
    14 | D:1      | Noticed a centaur
    16 | D:1      | Noticed a tengu
    16 | D:1      | Noticed a vine stalker
    18 | D:1      | Noticed a demonspawn
    18 | D:1      | Noticed a vampire
    20 | D:1      | Noticed a felid
    20 | D:1      | Noticed an octopode
    22 | D:1      | Noticed a minotaur
    24 | D:1      | Noticed a ghoul
    24 | D:1      | Noticed an ogre
    26 | D:1      | Noticed a human
    26 | D:1      | Noticed a spriggan
    84 | D:1      | Reached skill level 1 in Dodging
   132 | D:1      | Reached XP level 2. HP: 13/15 MP: 3/3
   564 | D:1      | Reached XP level 3. HP: 19/19 MP: 4/4
   613 | D:2      | Noticed Jessica
   618 | D:2      | Killed Jessica
   774 | D:2      | Gained mutation: Your natural rate of healing is unusually fast. [Vine Stalker growth]
   774 | D:2      | Reached XP level 4. HP: 21/23 MP: 5/5
   866 | D:2      | You fall through a shaft for 2 floors!
   914 | D:4      | HP: 1/23 [something (2)]
   915 | D:4      | Slain by an orc wizard

Skill      XL: |  1 |
---------------+----+-----
Fighting       | 2 |  2.9
Dodging        | 1 |  1.9
Short Blades   | 2 |  2.8
Throwing       | |  1.7
Stealth        | |  4.8

Action                   |  1- 3 |  4- 6 || total
-------------------------+-------+-------++-------
Melee: Dagger            |    58 |    21 ||    79
       Bite              |    11 |     5 ||    16
 Fire: Blowgun           |     1 |     2 ||     3
  Use: Scroll            |     4 |     2 ||     6
       Potion            |       |     1 ||     1
 Stab: Sleeping          |     5 |       ||     5
       Distracted        |     1 |       ||     1
Armor: Robe              |    16 |     7 ||    23
Dodge: Dodged            |    28 |     7 ||    35
